 Dungeon Crawl Stone Soup version 0.28-a0-261-gc0b50483a2 (webtiles) character file.

Game seed: 2816218146520459030

292 Malachi the Stinger (level 6, -4/38 HPs)
             Began as an Octopode Transmuter on Aug 27, 2021.
             Killed by nerve-wracking pain
             ... invoked by Grinder
              (11 damage)
             ... while paralysed by Grinder
             ... on level 4 of the Dungeon.
             The game lasted 00:08:15 (4227 turns).

Malachi the Stinger (Octopode Transmuter)           Turns: 4227, Time: 00:08:15

Health: -4/38      AC:  1    Str:  9    XL:     6   Next: 33%
Magic:  9/9        EV:  2    Int: 17    God:
Gold:   114        SH:  0    Dex: 17    Spells: 5/9 levels left

rFire   . . .      SeeInvis .   d - +2 trident of the End {vamp, Fly rCorr Dex+4 Stlth-}
rCold   . . .      Faith    .   (no shield)
rNeg    . . .      Spirit   .   (helmet restricted)
rPois   .          Reflect  .   (no amulet)
rElec   .          Harm     .   (no ring)
rCorr   +          Rampage  .   (no ring)
Will    .....                   (no ring)
Stlth   ++........              (no ring)
HPRegen 0.12/turn               (no ring)
MPRegen 0.11/turn               (no ring)
                                (no ring)
                                (no ring)

@: paralysed, flying
A: almost no armour, amphibious, 8 rings, camouflage 1, gelatinous body 1,
(nimble swimmer 1), tentacles
a: no special abilities


You were on level 4 of the Dungeon.
You visited 1 branch of the dungeon, and saw 4 of its levels.

You collected 1516 gold pieces.
You spent 1402 gold pieces at shops.

Inventory:

Hand Weapons
 d - the +2 trident of the End (weapon) {vamp, Fly rCorr Dex+4 Stlth-}
   (You bought it in a shop on level 1 of the Dungeon)

   It occasionally heals its wielder for a portion of the damage dealt when it
   wounds a living foe.
   Dex:       It affects your dexterity (+4).
   Fly:       It grants you flight.
   rCorr:     It protects you from acid and corrosion.
   Stlth:     It makes you less stealthy.
 e - a +0 dagger
 q - a +2 dagger of electrocution
Scrolls
 a - a scroll of enchant weapon
 c - 5 scrolls of teleportation
 f - a scroll of holy word
 k - a scroll of blinking
 l - a scroll of fear
 m - a scroll of fog
 n - a scroll of summoning
 o - a scroll of vulnerability
 r - a scroll of silence {unknown}
 v - a scroll of noise {unknown}
 w - a scroll of magic mapping {unknown}
 x - a scroll of brand weapon {unknown}
Potions
 b - 2 potions of invisibility
 g - a potion of curing
 i - 2 potions of might
 j - a potion of berserk rage
 s - a potion of flight {unknown}
 t - a potion of lignification {unknown}
 u - a potion of mutation {unknown}
Miscellaneous
 p - a condenser vane


   Skills:
 - Level 1.0 Fighting
 - Level 2.0 Dodging
 - Level 3.0 Unarmed Combat
 - Level 2.0 Spellcasting
 * Level 4.4 Transmutations
 * Level 4.6 Poison Magic
 + Level 2.1 Evocations


You had 5 spell levels left.
You knew the following spells:

 Your Spells              Type           Power      Damage    Failure   Level
a - Beastly Appendage     Tmut           32%        N/A       3%          1
b - Spider Form           Tmut/Pois      8%         N/A       9%          3

Your spell library contained the following spells:

 Spells                   Type           Power      Damage    Failure   Level
 Wereblood                Tmut           16%        N/A       4%          2
 Summon Small Mammal      Summ           4%         N/A       19%         1
 Call Canine Familiar     Summ           1%         N/A       50%         3
 Dazzling Flash           Conj/Hex       2%         N/A       50%         3
 Summon Guardian Golem    Hex/Summ       1%         N/A       50%         3
 Ice Form                 Ice/Tmut       9%         N/A       61%         4
 Iskenderun's Mystic Bla  Conj/Tloc      1%         2d3       88%         4
 Starburst                Conj/Fire      0%         6d3       100%        6


Dungeon Overview and Level Annotations

Branches:
Dungeon (4/15)
 Temple: D:4-7

Altars:
Nemelex Xobeh
Qazlal

Shops:
D:1 (*!?

Annotations:
D:4 Grinder


Innate Abilities, Weirdness & Mutations

You cannot wear most types of armour.
You are amphibious.
You can wear up to eight rings at the same time.
Your skin changes colour to match your surroundings (Stealth+).
Your rubbery body absorbs attacks. (AC +1, EV +1)
((You are camouflaged near water. (Stealth+)))
You have tentacles for arms and can constrict up to eight enemies at once.


Message History

You constrict Grinder.
The hound skeleton completely misses you.
Grinder drinks a potion.
Grinder suddenly seems more resistant.
The hound skeleton misses you.
You hit Grinder but do no damage.
Grinder is moderately wounded.
You constrict Grinder. Grinder misses you. The hound skeleton bites you.
Grinder hits you.
You writhe in agony.
You hit Grinder.
Grinder is heavily wounded.
You constrict Grinder. The hound skeleton bites you. Grinder misses you.
The hound skeleton closely misses you.
You hit Grinder but do no damage.
Grinder is heavily wounded.
You constrict Grinder. The hound skeleton closely misses you. Grinder hits you.
You writhe in agony.
* * * LOW HITPOINT WARNING * * *
The hound skeleton bites you.
* * * LOW HITPOINT WARNING * * *
You feel much better.
You constrict Grinder. Grinder hits you!
You writhe in agony.
The hound skeleton bites you but does no damage.
You feel much better.
You constrict Grinder. Grinder gestures at you.
You suddenly lose the ability to move!
You lose your grip on Grinder.
The hound skeleton barely misses you.
The hound skeleton bites you but does no damage.
Grinder hits you!
You writhe in agony.
The hound skeleton bites you but does no damage.
Grinder gestures at you.
You shrug off the repeated paralysis!
The hound skeleton bites you. Grinder gestures at you.
Pain shoots through your body!
* * * LOW HITPOINT WARNING * * *
The hound skeleton bites you.
* * * LOW HITPOINT WARNING * * *
The hound skeleton completely misses you.
Grinder gestures at you. Pain shoots through your body!
You die...

#.## #..#####>.. #..#
##.......##
#.######..........
#..........#...#.#
#.......†........#
#.........>#......
#..............##.
#..#######.....##.
#@.#.....#.#...##.
#..5Z.#.....#.....##.
#.....+.._..#..#####.
#$....#.$..$#..# #.
#..!..#..$$.#..# #.
#.....#######. #.
#........... ##
#...####...


You could see Grinder (resistant) and a hound skeleton.

Vanquished Creatures
  A phantom (D:4)
  A water moccasin skeleton (D:3)
  Jessica (D:2)
  Natasha (thrice) (D:3)
  2 adders (D:4)
  A worm (D:3)
  A dart slug (D:4)
  An orc (D:3)
  2 ball pythons
  A bat (D:1)
  3 endoplasms
  A giant cockroach (D:3)
  3 goblins
  8 hobgoblins
  4 jackals (D:1)
  6 kobolds
  3 quokkas
  A frilled lizard (D:3)
  5 rats
48 creatures vanquished.

Notes
Turn   | Place    | Note
-------+----------+-------------------------------------------
     0 | D:1      | Malachi the Octopode Transmuter began the quest for the
                  | Orb.
     0 | D:1      | Reached XP level 1. HP: 13/13 MP: 3/3
    32 | D:1      | Found a faded altar of an unknown god.
    68 | D:1      | Found Xugidwope's General Store.
   306 | D:1      | Reached skill level 1 in Poison Magic
   343 | D:1      | Found Joghut's Distillery.
   371 | D:1      | Reached XP level 2. HP: 18/18 MP: 1/5
   456 | D:1      | Found Bipsep's Antique Weapon Emporium.
   896 | D:1      | Found Buelepsu's Magic Scroll Boutique.
  1072 | D:1      | Bought a scroll of identify for 22 gold pieces
  1318 | D:2      | Reached XP level 3. HP: 23/23 MP: 4/6
  1322 | D:2      | Learned a level 3 spell: Spider Form
  1390 | D:2      | Noticed Jessica
  1402 | D:2      | Killed Jessica
  1996 | D:2      | Reached XP level 4. HP: 28/28 MP: 5/7
  2283 | D:2      | Identified a scroll of acquirement
  2284 | D:2      | Acquired 1323 gold pieces
  2346 | D:1      | Bought a transparent trident for 195 gold pieces
  2346 | D:1      | Identified the +2 trident of the End {vamp, Fly rCorr Dex+4
                  | Stlth-} (You bought it in a shop on level 1 of the Dungeon)
  2372 | D:1      | Bought a potion of curing for 36 gold pieces
  2372 | D:1      | Bought a potion of berserk rage for 60 gold pieces
  2372 | D:1      | Bought a potion of might for 48 gold pieces
  2387 | D:1      | Bought a scroll of blinking for 105 gold pieces
  2387 | D:1      | Bought a scroll of fear for 49 gold pieces
  2387 | D:1      | Bought a scroll of fog for 28 gold pieces
  2387 | D:1      | Bought a scroll of identify for 28 gold pieces
  2388 | D:1      | Bought a scroll of identify for 28 gold pieces
  2388 | D:1      | Bought a scroll of teleportation for 42 gold pieces
  2388 | D:1      | Bought a scroll of identify for 28 gold pieces
  2388 | D:1      | Bought a scroll of teleportation for 42 gold pieces
  2388 | D:1      | Bought a scroll of vulnerability for 105 gold pieces
  2388 | D:1      | Bought a scroll of teleportation for 42 gold pieces
  2459 | D:1      | Bought a scroll of summoning for 104 gold pieces
  2459 | D:1      | Bought a condenser vane for 440 gold pieces
  2852 | D:3      | Reached skill level 1 in Evocations
  2852 | D:3      | Reached XP level 5. HP: 24/33 MP: 8/8
  3037 | D:3      | Noticed Natasha
  3041 | D:3      | Killed Natasha
  3236 | D:3      | Noticed Natasha
  3245 | D:3      | Killed Natasha
  3691 | D:3      | Noticed Natasha
  3697 | D:3      | Killed Natasha
  4008 | D:4      | Found a sparkling altar of Nemelex Xobeh.
  4037 | D:4      | Noticed a phantom
  4046 | D:4      | Killed a phantom
  4047 | D:4      | Reached XP level 6. HP: 24/38 MP: 9/9
  4179 | D:4      | Found a stormy altar of Qazlal.
  4213 | D:4      | Noticed Grinder
  4223 | D:4      | Paralysed by Grinder for 7 turns
  4227 | D:4      | Killed from afar by Grinder

Illustrated notes

Levels and vault maps discovered:
D:1:      minmay_arrival_doors, layout_rooms, serial_shops, shop, shop, shop,
          shop, basic_ecumenical_altar
D:2:      layout_basic, roderic_cross_of_infinity, kennysheep_decorative_pillar,
          uniq_jessica
D:3:      layout_basic, uniq_natasha
D:4:      layout_rooms, amcnicky_altar_gilded, mainiacjoe_overflow_boulevard,
          mainiacjoe_overflow_concentric_impassable,
          ebering_ghost_disaster_area, nicolae_ossuary_entry_monument,
          uniq_grinder

Skill      XL: |  1  2  3  4  5 |
---------------+----------------+-----
Poison Magic   | 1 2 3 4 |  4.6
Transmutations | 3 4 |  4.4
Evocations     | 1 2 |  2.1
Fighting       | |  1.0
Dodging        | |  2.0
Unarmed Combat | |  3.0
Spellcasting   | |  2.0

Action                   |  1- 3 |  4- 6 || total
-------------------------+-------+-------++-------
Melee: Unarmed           |    55 |       ||    55
       Constrict         |    16 |    15 ||    31
       Kick              |    16 |       ||    16
       Tentacles         |     6 |    12 ||    18
       Punch             |     4 |     1 ||     5
       Trident           |       |    60 ||    60
 Cast: Beastly Appendage |    15 |       ||    15
       Spider Form       |     1 |       ||     1
  Use: Scroll            |     1 |     6 ||     7
       Potion            |       |     2 ||     2
 Stab: Sleeping          |       |     1 ||     1
Armor: Skin              |     8 |     6 ||    14
Dodge: Dodged            |    38 |    28 ||    66

Table legend: (Time is in decaauts)
 A = Elapsed time spent in this place.
 B = Non-inter-level travel time spent in this place.
 C = Inter-level travel time spent in this place.
 D = Time resting spent in this place.
 E = Time spent auto-exploring this place.
 F = Levels seen in this place.
 G = Mean time per level.
                   A        B        C        D        E       F      G
               +--------+--------+--------+--------+--------+-----+--------+
         Total |   4256 |   3644 |    612 |   1230 |   1870 |   4 | 1064.0 |
       Dungeon |   4256 |   3644 |    612 |   1230 |   1870 |   4 | 1064.0 |
               +--------+--------+--------+--------+--------+-----+--------+

Top non-repeatable levels by time:
     D:3: 1404 daAuts
     D:1: 1310 daAuts
     D:2: 1213 daAuts
     D:4: 327 daAuts
